 Seeded DCSS version 0.29.1-14-g9c671dbff4 (webtiles) character file.

Game seed: 9529714651559989746 (custom seed)

1253 valliere the Insei (level 8, -2/52 HPs)
             Began as an Octopode Transmuter on Feb 19, 2023.
             Slain by a wraith (13 damage)
             ... in an ossuary.
             The game lasted 00:15:35 (5347 turns).

valliere the Insei (Octopode Transmuter)            Turns: 5347, Time: 00:15:36

Health: -2/52      AC:  2    Str: 11    XL:     8   Next: 51%
Magic:  12/13      EV: 25    Int: 16    God:
Gold:   239        SH:  5    Dex: 17    Spells: 5/14 levels left

rFire   . . .      SeeInvis +     - Unarmed
rCold   + . .      Faith    .   (shield currently unavailable)
rNeg    . . .      Spirit   .   (helmet currently unavailable)
rPois   .          Reflect  +   u - amulet of reflection
rElec   +          Harm     .   c - ring of poison resistance
rCorr   +          Rampage  .   j - ring "Aciyfut" {rPois rCorr SInv}
Will    .....                   p - +4 ring of evasion
Stlth   +++.......              A - ring of protection from fire
HPRegen 0.17/turn               i - ring of Foalefej {Ice +Blink rElec}
MPRegen 0.13/turn               (no ring)
                                (no ring)
                                (no ring)

@: spider-form (expiring), slowed, very slow
A: venomous fangs, almost no armour, (amphibious), 8 rings, tiny, (camouflage
1), (gelatinous body 1), (nimble swimmer 1), (tentacles)
a: End Transformation, Evoke Blink


You were in an ossuary.
You were a venomous arachnid creature.
You visited 1 branch of the dungeon, and saw 7 of its levels.
You also visited: Ossuary.

You collected 239 gold pieces.

Inventory:

Hand Weapons
 x - the +6 short sword "Ivotuko" {vorpal, *Noise rF+ Int+2 SInv}
   (You found it on level 3 of the Dungeon)

   It inflicts extra damage upon your enemies.
   Int:       It affects your intelligence (+2).
   rF:        It protects you from fire.
   SInv:      It lets you see invisible.
   *Noise:    It may make noises in combat.
Armour
 k - a +1 hat (melded)
Jewellery
 c - a ring of poison resistance (left front leg)
 i - the ring of Foalefej (on tentacle) {Ice +Blink rElec}
   (You acquired it on level 1 of the Dungeon)

   [ring of ice]

   It enhances your ice magic.
   rF:        It makes you vulnerable to fire.
   rC:        It protects you from cold.
   rElec:     It insulates you from electricity.
   +Blink:    It lets you blink.
 j - the ring "Aciyfut" (right front leg) {rPois rCorr SInv}
   (You acquired it on level 1 of the Dungeon)

   [ring of see invisible]

   rPois:     It protects you from poison.
   SInv:      It lets you see invisible.
   rCorr:     It protects you from acid and corrosion.
 p - a +4 ring of evasion (on tentacle)
 u - an amulet of reflection (around neck)
 A - a ring of protection from fire (on tentacle)
Wands
 B - a wand of quicksilver (11)
 D - a wand of charming (11)
 E - a wand of roots (8)
 G - a wand of polymorph (8)
Scrolls
 b - 6 scrolls of identify {unknown}
 f - 2 scrolls of noise {unknown}
 g - 5 scrolls of poison {unknown}
 h - 3 scrolls of fear {unknown}
 n - 2 scrolls of magic mapping {unknown}
 r - 2 scrolls of immolation {unknown}
 t - 3 scrolls of teleportation {unknown}
 v - a scroll of blinking {unknown}
 y - a scroll of vulnerability {unknown}
 z - a scroll of enchant armour {unknown}
 C - a scroll of acquirement
Potions
 a - 2 potions of lignification
 d - a potion of invisibility {unknown}
 e - 3 potions of degeneration {unknown}
 l - 2 potions of might {unknown}
 m - 3 potions of curing {unknown}
 o - 3 potions of attraction {unknown}
 q - 3 potions of flight {unknown}
 s - a potion of ambrosia {unknown}
 w - 2 potions of brilliance {unknown}
 F - a potion of heal wounds {unknown}


   Skills:
 + Level 3.2 Fighting
 + Level 3.9 Dodging
 + Level 4.2 Stealth
 * Level 5.5 Unarmed Combat
 + Level 3.5 Spellcasting
 * Level 5.1 Transmutations
 + Level 3.6 Poison Magic


You had 5 spell levels left.
You knew the following spells:

 Your Spells              Type           Power      Damage    Failure   Level
a - Beastly Appendage     Tmut           38%        N/A       9%          1
b - Spider Form           Tmut/Pois      16%        N/A       22%         3
c - Blade Hands           Tmut           9%         N/A       73%         5

Your spell library contained the following spells:

 Spells                   Type           Power      Damage    Failure   Level
 Sting                    Tmut/Pois      64%        1d6       11%         1
 Wereblood                Tmut           19%        N/A       11%         2
 Poisonous Vapours        Pois/Air       16%        N/A       30%         2
 Magic Dart               Conj           8%         1d3       38%         1
 Shock                    Conj/Air       8%         1d3       38%         1
 Searing Ray              Conj           4%         2d4       47%         2
 Olgreb's Toxic Radiance  Pois           14%        N/A       58%         4
 Swiftness                Air            2%         N/A       69%         3
 Ice Form                 Ice/Tmut       16%        N/A       73%         4
 Airstrike                Air            1%         2d(1-17)  96%         4
 Fulminant Prism          Conj/Hex       1%         3d6       96%         4
 Sticky Flame             Conj/Fire      2%         2d3       96%         4
 Orb of Destruction       Conj           1%         9d5       100%        7


Dungeon Overview and Level Annotations

Branches:
Dungeon (7/15)            Ossuary (1/1)
 Temple: D:4-7

Altars:

Shops:
D:1 *

Annotations:
D:3 3 runed translucent doors, LustLizard's ghost, amateur GnWn


Innate Abilities, Weirdness & Mutations

You are a venomous arachnid creature.
You have poisonous fangs.
You are tiny and dextrous.
Your spellcasting is less reliable in this form.
Your armour is entirely melded.
You are incapable of wielding weapons or throwing items.
You cannot wear most types of armour.
((You are amphibious.))
You can wear up to eight rings at the same time.
((Your skin changes colour to match your surroundings (Stealth+).))
((Your rubbery body absorbs attacks. (AC +1, EV +1)))
((You are camouflaged when in or above water. (Stealth+)))
((You have tentacles for arms and can constrict up to eight enemies at once.))


Message History

Your +1 hat melds into your body.
The wraith completely misses you.
You hit the wraith but do no damage.
The wraith is moderately damaged.
The wraith barely misses you. The wraith hits you.
You hit the wraith.
The wraith is moderately damaged.
The wraith closely misses you.
You hit the wraith but do no damage.
The wraith is moderately damaged.
The wraith barely misses you.
You barely miss the wraith.
The wraith is moderately damaged.
The wraith completely misses you. The wraith closely misses you.
You barely miss the wraith.
The wraith is moderately damaged.
The wraith misses you.
You barely miss the wraith.
The wraith is moderately damaged.
The wraith completely misses you.
You hit the wraith but do no damage.
The wraith is moderately damaged.
The wraith completely misses you. x2
You bite the wraith!
The wraith is heavily damaged.
The wraith hits you! The wraith drains your vigour!
You feel as though you will be slow longer.
You are too injured to fight recklessly!
You are too injured to fight recklessly!
You are too injured to fight recklessly!
You are too injured to fight recklessly!
You hit the wraith but do no damage.
The wraith is heavily damaged.
The wraith completely misses you.
You hit the wraith but do no damage.
The wraith is heavily damaged.
Your transformation is almost over.
The wraith hits you!
* * * LOW HITPOINT WARNING * * *
The wraith hits you!
You die...

#.............#
#.# #.....###.#
#.# #.....#z#.#
#.###.....###.#
#.............#
#.............#
#.###.###.###.#
#.#.#.#z#.# #
#sW##.###.##+.#
#.............#
#######'#######
#.# ###.###
#W▓.▓z# ###.###
#.# #'#


You could see a wraith.

Vanquished Creatures
  Pikel (D:6)
  Sigmund (D:2)
  3 lemures (D:6)
  Blork the orc (D:6)
  A kobold brigand (D:6)
  A bullfrog (D:7)
  A wight (Ossuary)
  A hound (D:6)
  A jelly (D:6)
  An orc priest (D:4)
  Natasha (thrice) (D:2)
  3 gnolls (D:6)
  8 adders
  A shadow imp (D:6)
  A white imp (D:6)
  2 worms
  2 dart slugs (D:1)
  2 orcs (D:4)
  7 bats
  5 endoplasms
  3 giant cockroaches
  3 goblins
  6 hobgoblins
  4 jackals (D:1)
  13 kobolds
  6 quokkas
  7 ball pythons
  2 ball python skeletons (Ossuary)
  4 frilled lizards
  2 kobold zombies (Ossuary)
  An orc skeleton (Ossuary)
  2 orc zombies (Ossuary)
  10 rats
109 creatures vanquished.

Notes
Turn   | Place    | Note
-------+----------+-------------------------------------------
     0 | D:1      | valliere the Octopode Transmuter began the quest for the
                  | Orb.
     0 | D:1      | Reached XP level 1. HP: 13/13 MP: 3/3
   185 | D:1      | Reached XP level 2. HP: 18/18 MP: 5/5
   541 | D:1      | Found Balubi's Assorted Antiques.
   572 | D:1      | Reached XP level 3. HP: 18/23 MP: 6/6
   660 | D:1      | Reached skill level 1 in Stealth
   911 | D:1      | Reached skill level 1 in Poison Magic
  1363 | D:1      | Identified 3 scrolls of acquirement
  1363 | D:1      | Acquired the ring "Aciyfut" {rPois rCorr SInv}
  1366 | D:1      | Acquired a +1 hat
  1373 | D:1      | Acquired the ring of Foalefej {Ice +Blink rElec}
  1566 | D:2      | Reached XP level 4. HP: 28/28 MP: 7/7
  1687 | D:2      | Found a faded altar of an unknown god.
  1709 | D:2      | Noticed Natasha
  1718 | D:2      | Killed Natasha
  1839 | D:2      | Acquired valliere's Opusculum on Inconstant Battling
  1937 | D:2      | Noticed Sigmund
  1950 | D:2      | Killed Sigmund
  1951 | D:2      | Reached XP level 5. HP: 13/34 MP: 8/8
  1951 | D:2      | Reached XP level 6. HP: 15/39 MP: 9/9
  2120 | D:2      | Noticed Natasha
  2128 | D:2      | Killed Natasha
  2133 | D:2      | Learned a level 3 spell: Spider Form
  2461 | D:2      | Noticed Natasha
  2471 | D:2      | Killed Natasha
  2680 | D:3      | Found a runed translucent gate.
  2680 | D:3      | Found a runed translucent gate.
  2681 | D:3      | Found a runed translucent gate.
  2685 | D:3      | Noticed LustLizard's ghost (amateur GnWn)
  2690 | D:3      | Identified the +4 mace of Wamoudyde {distort, rN+}
  2690 | D:3      | Identified the +2 scale mail "Ypug" {rF+ Stlth+}
  2964 | D:3      | Identified the +6 short sword "Ivotuko" {vorpal, *Noise rF+
                  | Int+2 SInv}
  3474 | D:4      | You fall into a shaft and drop 3 floors!
  3489 | D:7      | Reached XP level 7. HP: 34/45 MP: 11/11
  3620 | D:6      | Noticed Pikel
  4258 | D:6      | Noticed Blork the orc
  4273 | D:6      | Killed Blork the orc
  4841 | D:6      | Killed Pikel
  4842 | D:6      | Reached skill level 5 in Unarmed Combat
  4842 | D:6      | Reached skill level 5 in Transmutations
  4842 | D:6      | Reached XP level 8. HP: 36/52 MP: 8/13
  5033 | D:5      | Entered Level 5 of the Dungeon
  5153 | D:5      | Found a sand-covered staircase.
  5158 | Ossuary  | Entered an ossuary
  5200 | Ossuary  | Learned a level 5 spell: Blade Hands
  5277 | Ossuary  | Noticed a wraith
  5277 | Ossuary  | Noticed a flying skull
  5290 | Ossuary  | Noticed a flying skull
  5311 | Ossuary  | Noticed a flying skull
  5319 | Ossuary  | Noticed a wraith
  5347 | Ossuary  | Slain by a wraith

Illustrated notes

Levels and vault maps discovered:
D:1:      minmay_arrival_four_circles, layout_basic, serial_shops,
          nicolae_shop_trees, nicolae_eternal_life, st_stairs_1,
          minmay_small_reverse_x
D:2:      layout_rooms, hellmonk_ecumenical_altar_zigzags, serial_corexii_hall,
          chequers_hall_statues_y, corexii_hall_statues_l, uniq_natasha,
          uniq_sigmund
D:3:      layout_basic, biasface_ghost_orc_armoury
D:4:      layout_basic, minmay_temple_entry_arrows, uniq_duvessa
D:5:      layout_basic, grunt_temple_overflow_open, nicolae_ossuary_entry_plus,
          uniq_prince_ribbit1
D:6:      layout_basic, uniq_blork_the_orc, uniq_pikel
D:7:      layout_basic
Ossuary:  ossuary_due_cavern

Skill      XL: |  1  2  3  4  5  6  7 |
---------------+----------------------+-----
Stealth        | 1 2 4 |  4.2
Poison Magic   | 1 2 3 |  3.6
Fighting       | 2 3 |  3.2
Unarmed Combat | 4 5 |  5.5
Transmutations | 3 5 |  5.1
Dodging        | 3 |  3.9
Spellcasting   | 3 |  3.5

Action                   |  1- 3 |  4- 6 |  7- 9 || total
-------------------------+-------+-------+-------++-------
Melee: Unarmed           |    92 |   100 |   109 ||   301
       Tentacles         |    15 |    18 |    14 ||    47
       Constrict         |    23 |    18 |    11 ||    52
       Kick              |     9 |     4 |       ||    13
       Punch             |       |       |     4 ||     4
 Cast: Beastly Appendage |     7 |     2 |       ||     9
       Spider Form       |       |     4 |     6 ||    10
       Blade Hands       |       |       |     1 ||     1
Evoke: Wand              |       |       |     2 ||     2
  Use: Scroll            |     3 |     1 |       ||     4
 Stab: Sleeping          |     8 |     7 |    10 ||    25
Armor: Skin              |     4 |     3 |     2 ||     9
Dodge: Dodged            |    56 |    53 |    66 ||   175
Block: Other             |       |     5 |    17 ||    22
